 Dungeon Crawl Stone Soup version 0.17.1-3-g152610e (webtiles) character file.

33001 warlockg3 the Blocker (level 13, -5/157 HPs)
             Began as a Minotaur Fighter on Apr 10, 2016.
             Was a High Priest of Okawaru.
             Killed from afar by an acid blob (10 damage)
             ... with a splash of acid
             ... on level 6 of the Lair of Beasts.
             The game lasted 01:29:00 (14376 turns).

warlockg3 the Blocker (Minotaur Fighter)           Turns: 14376, Time: 01:29:01

Health: -5/157     AC: 17    Str: 26    XL:     13   Next: 34%
Magic:  11/15      EV:  2    Int:  5    God:    Okawaru [*****.]
Gold:   692        SH: 16    Dex: 12    Spells: 0 memorised, 12 levels left

rFire  x . .     SeeInvis +     h - +4 eveningstar (drain)
rCold  + . .     Rnd*Rage +     (armour currently unavailable)
rNeg   + + +     SustAt   .     c - +0 shield
rPois  +         Gourm    .     (helmet currently unavailable)
rElec  .         Spirit   .     (cloak currently unavailable)
rCorr  .         Warding  .     (gloves currently unavailable)
rMut   .         NoTele   +     (boots currently unavailable)
MR     .....                    T - amulet of regeneration
Stlth  +++++.....               s - +3 ring of protection
                                M - ring of ice

@: tree-form, heroism, finesse, corroded equipment, not resistant to hostile
enchantments, quite stealthy
A: (retaliatory headbutt), (horns 0), see invisible, agile 1, berserk 1, frail
1, regeneration 1, evolution 1, subdued magic 1
a: Heroism, Finesse, Renounce Religion


You were on level 6 of the Lair of Beasts.
You worshipped Okawaru.
Okawaru was extremely pleased with you.
You were hungry.
You were a tree.
You visited 3 branches of the dungeon, and saw 16 of its levels.

You collected 692 gold pieces.

Inventory:

Hand Weapons
 a - a +0 flail
 d - a +3 quarterstaff of chaos
 e - a +1 flail of draining
 h - a +4 eveningstar of draining (weapon)
 m - a +0 glaive
 t - a +0 mace
 y - a +0 antimagic dagger
 K - a +2 mace
 L - a +3 scimitar
 N - a +0 quarterstaff of freezing
 P - a +0 great sword of holy wrath
Armour
 b - a +0 scale mail
 c - a +0 shield (worn)
 j - a +6 scale mail (melded)
 l - a +1 pair of gloves of strength (melded)
 o - a +0 plate armour
 B - a +1 leather armour of fire resistance
 G - a +2 robe of fire resistance
 O - a +2 robe of cold resistance
Rods
 x - a +2 rod of inaccuracy (11/11)
   (You found it on level 2 of the Lair of Beasts)
Jewellery
 i - an uncursed ring of protection from cold
 s - a +3 ring of protection (right branch)
 E - an uncursed amulet of stasis
 M - a ring of ice (left branch)
 Q - an uncursed ring of sustain attributes
 T - an amulet of regeneration (around neck)
Wands
 n - a wand of teleportation (0)
 u - a wand of confusion (34)
 C - a wand of fireball (8)
 D - a wand of teleportation (3)
 F - a wand of disintegration (10)
 R - a wand of polymorph (10)
Scrolls
 g - 5 scrolls of identify
 q - a scroll of magic mapping
 v - 2 scrolls of fog
 w - 4 scrolls of recharging
 z - 2 scrolls of remove curse
Books
 r - a book of Debilitation

   Spells                             Type                      Level
   a - Corona                         Hexes                        1
   b - Slow                           Hexes                        2
   c - Gell's Gravitas                Hexes/Translocation          3
   d - Inner Flame                    Hexes/Fire                   3
   e - Cause Fear                     Hexes                        4
   f - Leda's Liquefaction            Hexes/Earth                  4
Comestibles
 H - 14 fruits
 I - 2 bread rations
 J - 2 royal jellies
 S - 3 chunks of flesh


   Skills:
 + Level 11.7(16.7) Fighting
 + Level 13.2(18.2) Maces & Flails
 + Level 10.4(15.4) Armour
 + Level 10.7(15.7) Dodging
 + Level 2.3(7.3) Stealth
 + Level 13.5(18.5) Shields
 + Level 4.8 Invocations


You had 12 spell levels left.
You didn't know any spells.

Dungeon Overview and Level Annotations

Branches:
Dungeon (8/15)             Temple (1/1) D:4            Lair (7/8) D:8
 Shoals (0/4) Lair:5       Spider (0/4) Lair:4        Slime (0/6) Lair:7

Altars:
Ashenzari
Cheibriados
Dithmenos
Elyvilon
Fedhas
Gozag
Kikubaaqudgha
Nemelex Xobeh
Okawaru
Qazlal
Ru
Sif Muna
Trog
Vehumet
Xom
Yredelemnul
Zin
The Shining One
Jiyva

Annotations:
D:6 Menkaure


Innate Abilities, Weirdness & Mutations

((You reflexively headbutt those who attack you in melee.))
((You have a pair of horns on your head.))
You have supernaturally acute eyesight.
You are agile. (Dex +2)
You tend to lose your temper in combat.
You are frail (-10% HP).
Your natural rate of healing is unusually fast.
You evolve.
Your spells are a little easier to cast, but a little less powerful.


Message History

The splash of acid hits you!
* * * LOW HITPOINT WARNING * * *
The acid burns!
* * * LOW HITPOINT WARNING * * *
You block the death yak's attack.
Read which item? (? for menu, Esc to quit)
Okay, then.
Unknown command.
You aren't carrying any potions.
You are a level 13 Minotaur Fighter.
You are 34% of the way to level 14.
Play time: 01:28:39 (14376 turns) That item cannot be evoked!
Evoke which item? (* to show all) (? for menu, Esc to quit)
Zapping:
n - a wand of teleportation (will waste charges)
Press: ? - help, Shift-Dir - straight line Nothing appears to happen.
Evoking this partially-identified wand wasted a few charges.
The acid blob spits acid at you. The splash of acid hits you!
You die...

......PP...P#......#P#.....##...#
.......##...##...#####..#####..##
.......##.P..#.....##..#.##.#...#
........+.........#........#...##
......P.#...#.....##...........##
.............#...###.##.#..#...#.
.......##P.####...#####..##.#...#
.......#####.#.....###.....#.....
.......##.##.#..♣Y...............
...............J†................
............................)....
.................................
..†.................##...........
.<......PP.P........##....#......
....................##..........#
#P..................#.....#...P.#
##..P.....≈..≈P..........[#....##


You could see an acid blob and a death yak.

Vanquished Creatures
  The ghost of Stendarr the Arsonist, a journeyman TrFE of Sif Muna (Lair:1)
  Josephine (Lair:6)
  Fannar (Lair:3)
  2 hydras
  5 death yaks
  Nergalle (Lair:1)
  A wolf spider (Lair:4)
  15 elephants
  6 spiny frogs
  2 black mambas
  6 komodo dragons
  A torpor snail (Lair:3)
  A fire drake (Lair:4)
  A jumping spider (Lair:4)
  8 blink frogs (Lair:4)
  A redback (Lair:4)
  A slime creature (Lair:7)
  2 spriggans (Lair:2)
  Sigmund (D:6)
  A wyvern (Lair:5)
  24 yaks
  Eustachio (D:5)
  6 basilisks (Lair:6)
  9 hippogriffs
  3 wraiths (Lair:6)
  An orc warrior (D:7)
  11 wolves
  6 water moccasins
  2 porcupines
  A phantom (D:4)
  2 spiders (Lair:4)
  A black bear (Lair:2)
  An ice beast (D:5)
  A sky beast (D:8)
  4 ogres
  6 centaurs
  11 crocodiles
  A big kobold (D:8)
  10 giant frogs
  A jelly (D:8)
  4 scorpions
  10 killer bees
  3 wights (D:6)
  A giant frog zombie (D:7)
  2 hounds
  3 orc priests (D:4)
  A centaur zombie (D:7)
  Crazy Yiuf (D:2)
  A centaur skeleton (D:7)
  10 orc wizards
  4 worker ants
  8 iguanas
  4 sheep (Lair:5)
  A hound skeleton (D:6)
  2 worker ant zombies
  3 gnolls (D:4)
  12 adders
  32 river rats
  A shadow imp (D:7)
  An adder skeleton (D:8)
  3 worms
  A giant gecko (D:2)
  18 orcs
  7 bats
  2 giant cockroaches
  10 goblins
  A hobgoblin (D:1)
  6 jackals (D:2)
  6 quokkas
  10 giant newts
  5 kobolds
  11 rats
  A bush (Lair:5)
  10 fungi
  6 plants
361 creatures vanquished.

Vanquished Creatures (others)
  4 fungi
  3 plants
7 creatures vanquished.

Grand Total: 368 creatures vanquished

Notes
Turn   | Place    | Note
--------------------------------------------------------------
     0 | D:1      | warlockg3 the Minotaur Fighter began the quest for the Orb.
     0 | D:1      | Reached XP level 1. HP: 19/19 MP: 0/0
   213 | D:1      | Reached XP level 2. HP: 27/27 MP: 1/1
   447 | D:1      | Reached skill level 4 in Shields
   728 | D:2      | Reached XP level 3. HP: 33/33 MP: 2/2
  1004 | D:2      | Reached XP level 4. HP: 33/40 MP: 3/3
  1354 | D:2      | Noticed Crazy Yiuf
  1358 | D:2      | Killed Crazy Yiuf
  1358 | D:2      | Reached skill level 1 in Dodging
  1482 | D:3      | Reached XP level 5. HP: 46/46 MP: 4/4
  1671 | D:3      | Reached skill level 5 in Shields
  1817 | D:4      | HP: 3/70 [orc priest/divine providence (16)]
  1823 | D:4      | Reached skill level 5 in Armour
  1828 | D:4      | Reached XP level 6. HP: 42/53 MP: 5/5
  2061 | D:4      | Found a staircase to the Ecumenical Temple.
  2216 | Temple   | Entered the Ecumenical Temple
  2322 | Temple   | Became a worshipper of Warmaster Okawaru
  2910 | D:4      | Noticed a phantom
  2918 | D:4      | Killed a phantom
  3034 | D:5      | Entered Level 5 of the Dungeon
  3046 | D:5      | Reached XP level 7. HP: 57/60 MP: 6/6
  3155 | D:5      | Noticed Eustachio
  3214 | D:5      | Killed Eustachio
  3214 | D:5      | Reached skill level 6 in Shields
  3241 | D:5      | Reached skill level 5 in Fighting
  3411 | D:5      | Reached * piety under Okawaru
  3603 | D:5      | Reached skill level 5 in Maces & Flails
  3619 | D:5      | Reached XP level 8. HP: 37/68 MP: 7/7
  3622 | D:5      | Reached skill level 1 in Stealth
  3622 | D:5      | Reached skill level 7 in Shields
  3651 | D:5      | Reached skill level 5 in Dodging
  4130 | D:6      | Reached ** piety under Okawaru
  4152 | D:6      | Noticed Sigmund
  4164 | D:6      | Killed Sigmund
  4311 | D:6      | Found a blossoming altar of Fedhas.
  4358 | D:6      | Reached skill level 8 in Shields
  4415 | D:6      | Noticed Menkaure
  4725 | D:6      | Found an ancient bone altar of Kikubaaqudgha.
  5036 | D:7      | Reached XP level 9. HP: 75/75 MP: 8/8
  5413 | D:7      | Reached *** piety under Okawaru
  5578 | D:7      | Found a stormy altar of Qazlal.
  5953 | D:7      | Found a shattered altar of Ashenzari.
  5981 | D:7      | Identified a scroll of acquirement
  6270 | D:8      | Found a bloodstained altar of Trog.
  6279 | D:8      | Found a sparkling altar of Nemelex Xobeh.
  6288 | D:8      | Found a snail-covered altar of Cheibriados.
  6297 | D:8      | Found an ancient bone altar of Kikubaaqudgha.
  6340 | D:8      | Found a shimmering altar of Xom.
  6361 | D:8      | Found a staircase to the Lair.
  6361 | D:8      | Noticed an elephant
  6380 | D:8      | Reached skill level 9 in Shields
  6386 | D:8      | Killed an elephant
  6519 | D:8      | Found a basalt altar of Yredelemnul.
  6649 | D:8      | Found a deep blue altar of Sif Muna.
  6686 | D:8      | Found a white marble altar of Elyvilon.
  6791 | D:8      | Reached **** piety under Okawaru
  6804 | D:8      | Found a glowing golden altar of the Shining One.
  7066 | D:8      | Reached XP level 10. HP: 79/86 MP: 9/9
  7070 | D:8      | Gained mutation: You evolve. [mutagenic meat]
  7142 | D:8      | Gained mutation: You tend to lose your temper in combat. [mutagenic meat]
  7143 | D:8      | Gained mutation: Your natural rate of healing is unusually fast. [mutagenic meat]
  7145 | D:8      | Gained mutation: You have supernaturally acute eyesight. [mutagenic meat]
  7294 | Lair:1   | Entered Level 1 of the Lair of Beasts
  7439 | Lair:1   | Noticed Stendarr's ghost (journeyman TrFE)
  7457 | Lair:1   | Noticed a black mamba
  7464 | Lair:1   | Killed a black mamba
  7492 | Lair:1   | Killed Stendarr's ghost
  7653 | Lair:1   | Noticed Nergalle
  7675 | Lair:1   | Killed Nergalle
  7675 | Lair:1   | Reached skill level 10 in Shields
  7689 | Lair:1   | Reached ***** piety under Okawaru
  8301 | Lair:2   | Reached skill level 10 in Maces & Flails
  8738 | Lair:2   | Reached XP level 11. HP: 95/97 MP: 10/10
  8765 | Lair:2   | Noticed a four-headed hydra
  8772 | Lair:2   | Killed a four-headed hydra
  8862 | Lair:2   | Reached skill level 1 in Invocations
  8949 | Lair:2   | Lost mutation: You tend to lose your temper in combat. [evolution]
  9154 | Lair:2   | Found a shattered altar of Ashenzari.
  9707 | Lair:3   | Reached skill level 11 in Maces & Flails
 10215 | Lair:3   | Identified a +2 rod of inaccuracy (11/11) (You found it on level 2 of the Lair of Beasts)
 10339 | Lair:3   | Noticed Fannar
 10355 | Lair:3   | Killed Fannar
 10355 | Lair:3   | Reached skill level 10 in Fighting
 11167 | Lair:4   | Gained mutation: You are agile. (Dex +2) [potion of mutation]
 11167 | Lair:4   | Gained mutation: You tend to lose your temper in combat. [potion of mutation]
 11196 | Lair:4   | Reached XP level 12. HP: 83/106 MP: 13/13
 11235 | Lair:4   | Received a gift from Okawaru
 11347 | Lair:4   | Reached skill level 10 in Armour
 11376 | Lair:4   | Reached skill level 12 in Shields
 11596 | Lair:4   | Found a hole to the Spider Nest.
 11698 | Lair:4   | Gained mutation: Your spells are a little easier to cast, but a little less powerful. [evolution]
 12266 | Lair:5   | Found a staircase to the Shoals.
 12366 | Lair:5   | Noticed a five-headed hydra
 12373 | Lair:5   | Killed a five-headed hydra
 12593 | Lair:6   | Reached skill level 10 in Dodging
 12682 | Lair:6   | Noticed Josephine
 12966 | Lair:6   | Killed Josephine
 13039 | Lair:6   | Gained mutation: You are frail (-10% HP). [mutagenic glow]
 13618 | Lair:6   | Reached XP level 13. HP: 104/104 MP: 15/15
 13713 | Lair:6   | Reached skill level 13 in Shields
 14181 | Lair:7   | Found a runed door.
 14183 | Lair:7   | Found a viscous altar of Jiyva.
 14236 | Lair:7   | Found a staircase to the Slime Pits.
 14236 | Lair:7   | Noticed an acid blob
 14375 | Lair:6   | HP: 4/157 [acid (11)]
 14376 | Lair:6   | Killed from afar by an acid blob

Action                   |  1- 3 |  4- 6 |  7- 9 | 10-12 | 13-15 || total
-------------------------+-------+-------+-------+-------+-------++-------
Melee: Flail             |    87 |   174 |   240 |       |       ||   501
       Mace              |       |       |     7 |       |       ||     7
       Eveningstar       |       |       |    52 |   564 |    95 ||   711
Invok: Heroism           |       |       |     4 |    15 |     3 ||    22
       Finesse           |       |       |       |     7 |     2 ||     9
Evoke: Wand              |       |       |       |       |     1 ||     1
  Use: Potion            |       |     6 |    11 |    10 |     2 ||    29
       Scroll            |       |       |    12 |    19 |     4 ||    35
  Eat: Bread ration      |       |     2 |       |       |       ||     2
       Chunk             |       |     1 |       |     8 |     1 ||    10
       Meat ration       |       |       |     2 |     4 |       ||     6
       Pizza             |       |       |     1 |     1 |       ||     2
       Beef jerky        |       |       |       |     1 |     2 ||     3
